 Dungeon Crawl Stone Soup version 0.29.1-2-gbd0b4ee654 (webtiles) character file.

Game seed: 15419040948596795521

69 Lutefisk the Vexing (level 4, 0/34 HPs)
             Began as a Formicid Arcane Marksman on Oct 29, 2022.
             Succumbed to a gnoll's poison
             ... on level 2 of the Dungeon.
             The game lasted 00:06:20 (1335 turns).

Lutefisk the Vexing (Formicid Arcane Marksman)      Turns: 1335, Time: 00:06:20

Health: 0/34       AC:  4    Str: 14    XL:     4   Next: 42%
Magic:  5/5        EV: 27    Int: 13    God:
Gold:   74         SH:  0    Dex: 16    Spells: 4/5 levels left

rFire   + . .      SeeInvis +   a - +1 sling
rCold   + . .      Faith    .   (no shield)
rNeg    . . .      Spirit   .   g - +0 leather armour
rPois   +          Reflect  .   (helmet unavailable)
rElec   +          Harm     .   (no cloak)
rCorr   +          Rampage  .   i - +0 pair of gloves
Will    .....                   (no boots)
Stlth   ++........              o - amulet of the acrobat
HPRegen 0.11/turn               (no ring)
MPRegen 0.09/turn               (no ring)

@: lethally poisoned (0 -> -2), resistant, acrobatic
A: permanent stasis, dig shafts and tunnels, antennae 3, four strong arms
a: Dig, Shaft Self


You were on level 2 of the Dungeon.
You visited 1 branch of the dungeon, and saw 3 of its levels.

You collected 74 gold pieces.

Inventory:

Hand Weapons
 a - a +1 sling (weapon)
 h - a +2 long sword of holy wrath
Missiles
 l - 4 poisoned darts
 r - 6 atropa-tipped darts
Armour
 g - a +0 leather armour (worn)
 i - a +0 pair of gloves (worn)
Magical Staves
 q - a staff of cold
Jewellery
 o - an amulet of the acrobat (around neck)
Scrolls
 b - a scroll of poison
 c - a scroll of fear {unknown}
 e - 3 scrolls of noise {unknown}
 f - a scroll of brand weapon {unknown}
 j - a scroll of amnesia {unknown}
 k - 3 scrolls of enchant armour {unknown}
 m - a scroll of torment {unknown}
 n - a scroll of identify {unknown}
 p - a scroll of teleportation {unknown}


   Skills:
 * Level 2.5 Fighting
 * Level 2.9 Ranged Weapons
 - Level 1.7 Dodging
 * Level 2.7 Stealth
 - Level 1.1 Spellcasting
 - Level 3.6 Hexes


You had 4 spell levels left.
You knew the following spells:

 Your Spells              Type           Power      Damage    Failure   Level
a - Slow                  Hex            40%        N/A       9%          1

Your spell library contained the following spells:

 Spells                   Type           Power      Damage    Failure   Level
 Dazzling Flash           Conj/Hex       10%        N/A       45%         3
 Inner Flame              Hex/Fire       5%         N/A       45%         3
 Portal Projectile        Hex/Tloc       10%        N/A       45%         3
 Cause Fear               Hex            5%         N/A       63%         4
 Iskenderun's Mystic Bla  Conj/Tloc      0%         2d3       98%         4
 Starburst                Conj/Fire      0%         6d3       100%        6


Dungeon Overview and Level Annotations

Branches:
Dungeon (3/15)

Altars:


Innate Abilities, Weirdness & Mutations

You cannot be hasted, slowed, berserked, paralysed or teleported.
You can dig through walls and to a lower floor.
You have a pair of large antennae on your head. (SInv)
Your four strong arms can wield two-handed weapons with a shield.


Message History

You hit the gnoll.
The gnoll is heavily wounded.
The gnoll hits you with a +0 club. x2
You hit the gnoll but do no damage.
The gnoll is heavily wounded.
The gnoll hits you with a +0 club!
You slash the gnoll!
You kill the gnoll!
Your +2 long sword of holy wrath stops glowing.
a - a +1 sling (weapon)
There is an open door here.
You see here a +0 club.
There is an open door here.
You see here a +0 club.
There is a stone staircase leading down, spattered with blood here.
You climb downwards.
The gnoll hits you from afar with a +2 spear of venom.
You are poisoned.
The gnoll hits you from afar with a +2 spear of venom.
* * * LOW HITPOINT WARNING * * *
There is a stone staircase leading up here.
* * * LOW HITPOINT WARNING * * *
You feel sick.
The gnoll hits you from afar with a +2 spear of venom.
* * * LOW HITPOINT WARNING * * *
You climb upwards.
* * * LOW HITPOINT WARNING * * *
You feel very sick.
There is a stone staircase leading down, spattered with blood here.
It was a potion of resistance.
You feel protected.
* * * LOW HITPOINT WARNING * * *
You feel sick.
* * * LOW HITPOINT WARNING * * *
You feel sick.
There is an open door here.
You see here a +0 club.
* * * LOW HITPOINT WARNING * * *
You feel sick.
You die...

#.##.# #... ########.##.#
#.## #......#.##.# #######.##
#......#.##.########...##..#.
#......#.##............'..##.
#......#.###>..#####...####..
#........###)#.# #...# #..
#........##....#####...# #..
#........##.@......#...# ##.
##.......##...#..#.#...# #.
#........'...##...#...# ##
##########...###..#...# #
#......# #..##### #......#
#..# #....### ##.# #....# #.#
#....# #.#


There were no monsters in sight!

Vanquished Creatures
  3 adders (D:2)
  A gnoll (D:2)
  A worm (D:2)
  A dart slug (D:1)
  An endoplasm (D:1)
  2 giant cockroaches
  A goblin (D:1)
  3 hobgoblins
  2 jackals (D:2)
  A quokka (D:3)
  2 bats
  3 frilled lizards
  4 kobolds
  3 rats
28 creatures vanquished.

Notes
Turn   | Place    | Note
-------+----------+-------------------------------------------
     0 | D:1      | Lutefisk the Formicid Arcane Marksman began the quest for
                  | the Orb.
     0 | D:1      | Reached XP level 1. HP: 15/15 MP: 2/2
   149 | D:1      | Reached skill level 1 in Stealth
   171 | D:1      | Reached XP level 2. HP: 18/21 MP: 3/3
   577 | D:2      | Reached XP level 3. HP: 25/27 MP: 4/4
   909 | D:2      | Reached XP level 4. HP: 11/34 MP: 5/5
  1334 | D:2      | HP: 1/34 [poisoned by a gnoll]
  1335 | D:2      | Succumbed to a gnoll's poison

Illustrated notes

Levels and vault maps discovered:
D:1:      minmay_arrival_four_circles, layout_basic, minmay_ruptured
D:2:      layout_basic, dreamdust_ecumenical_altar_grove, minmay_puff,
          uniq_natasha
D:3:      kennysheep_slugbush, layout_rooms, old_standard_altar,
          kennysheep_donut

Skill      XL: |  1  2  3 |
---------------+----------+-----
Stealth        | 1 2 |  2.7
Fighting       | 2 |  2.5
Ranged Weapons | |  2.9
Dodging        | |  1.7
Spellcasting   | |  1.1
Hexes          | |  3.6

Action                   |  1- 3 |  4- 6 || total
-------------------------+-------+-------++-------
Melee: Long sword        |     9 |     3 ||    12
 Fire: Sling             |    83 |    20 ||   103
 Cast: Slow              |     1 |     1 ||     2
  Use: Potion            |       |     1 ||     1
Armor: Robe              |     1 |       ||     1
       Leather armour    |    11 |     1 ||    12
Dodge: Dodged            |    29 |    11 ||    40
